 Dungeon Crawl Stone Soup version 0.29-a0-23-ga79f92ac9c (webtiles) character file.

Game seed: 4863297963143922843

18 Dulis131 the Skirmisher (level 2, 0/24 HPs)
             Began as a Demonspawn Abyssal Knight on Jan 30, 2022.
             Was a Believer of Lugonu.
             Slain by a goblin (2 damage)
             ... on level 1 of the Dungeon.
             The game lasted 00:01:36 (394 turns).

Dulis131 the Skirmisher (Demonspawn Abyssal Knight)  Turns: 394, Time: 00:01:37

Health: 0/24       AC:  3    Str: 13    XL:     2   Next: 51%
Magic:  3/3        EV: 11    Int: 11    God:    Lugonu [**....]
Gold:   18         SH:  0    Dex: 13    Spells: 1/1 levels left

rFire   . . .      SeeInvis .   a - +1 spear
rCold   . . .      Faith    .   (no shield)
rNeg    . . .      Spirit   .   b - +0 leather armour
rPois   .          Reflect  .   (no helmet)
rElec   .          Harm     .   (no cloak)
rCorr   .          Rampage  .   (no gloves)
Will    .....                   (no boots)
Stlth   +.........              (no amulet)
HPRegen 0.08/turn               (no ring)
MPRegen 0.08/turn               (no ring)

@: no status effects
A: claws 1
a: Renounce Religion, Depart the Abyss, Bend Space


You were on level 1 of the Dungeon.
You worshipped Lugonu.
Lugonu was pleased with you.
You visited 1 branch of the dungeon, and saw 1 of its levels.
You visited the Abyss 1 time.

You collected 18 gold pieces.

Inventory:

Hand Weapons
 a - a +1 spear (weapon)
Missiles
 c - 5 poisoned darts (quivered)
Armour
 b - a +0 leather armour (worn)
Scrolls
 d - a scroll of fear {unknown}


   Skills:
 + Level 3.1 Fighting
 + Level 2.2 Polearms
 - Level 0.3 Throwing
 + Level 2.1 Armour
 + Level 0.8 Dodging
 - Level 2.6 Invocations


You had one spell level left.
You didn't know any spells.
Your spell library contained the following spells:

 Spells                   Type           Power      Damage    Failure   Level
 Beastly Appendage        Tmut           0%         N/A       41%         1
 Wereblood                Tmut           0%         N/A       56%         2
 Spider Form              Tmut/Pois      0%         N/A       80%         3


Dungeon Overview and Level Annotations

Branches:
Dungeon (1/15)

Altars:


Innate Abilities, Weirdness & Mutations

You have sharp fingernails.


Message History

The rat bites you. The hobgoblin hits you.
* * * LOW HITPOINT WARNING * * *
You are too injured to fight recklessly!
You are too injured to fight recklessly!
Things that are here:
a +0 dagger; 4 stones; a kobold corpse The frilled lizard closely misses you.
The rat twitches its whiskers.
You are too injured to fight recklessly!
You are too injured to fight recklessly!
You barely miss the rat. The rat barely misses you.
You hit the rat.
You kill the rat!
Lugonu accepts your kill.
You closely miss the hobgoblin. The hobgoblin hits you.
* * * LOW HITPOINT WARNING * * *
You hit the hobgoblin.
The hobgoblin is heavily wounded.
The hobgoblin hits you.
* * * LOW HITPOINT WARNING * * *
The goblin misses you.
You hit the hobgoblin.
You claw the hobgoblin, but do no damage.
The hobgoblin is severely wounded.
The hobgoblin misses you. The goblin completely misses you.
You hit the hobgoblin but do no damage. You claw the hobgoblin.
You kill the hobgoblin!
Lugonu accepts your kill.
You can now bend space around yourself.
The goblin hits you with a +0 club.
* * * LOW HITPOINT WARNING * * *
You miss the frilled lizard. The frilled lizard barely misses you.
The goblin closely misses you.
You hit the frilled lizard.
You kill the frilled lizard!
Lugonu accepts your kill. The goblin hits you but does no damage.
Things that are here:
29 stones; a hobgoblin corpse; a rat corpse You closely miss the goblin.
The goblin hits you with a +0 club.
You die...

### .. #. ###########
#.####.###..........
.................# #
#.....)....##.##.###
....?.†..#.##.......... ..#
.###.###.........#..# #.# ..
.##..##..#@#>.#.# #.# #..
.#..##..#g#..#.##.# #.# ..
..........#..#.##.# #.# #
..#..##..###..#.##.# #.# #
...##..##..# #..#.##.####.###
g###...##..###..#.#..........
....#..........#.#..####.###
.....................####†# #
......>............)......# #


You could see a goblin.

Vanquished Creatures
  A ball python (D:1)
  An endoplasm (D:1)
  A giant cockroach (D:1)
  4 hobgoblins (D:1)
  6 frilled lizards (D:1)
  2 kobolds (D:1)
  4 rats (D:1)
19 creatures vanquished.

Notes
Turn   | Place    | Note
-------+----------+-------------------------------------------
     0 | Abyss:1  | Dulis131 the Demonspawn Abyssal Knight began the quest for
                  | the Orb.
     0 | Abyss:1  | Reached XP level 1. HP: 18/18 MP: 2/2
    26 | D:1      | Escaped the Abyss
   241 | D:1      | Gained mutation: You have sharp fingernails. [demonic
                  | ancestry]
   241 | D:1      | Reached XP level 2. HP: 20/24 MP: 3/3
   390 | D:1      | Reached ** piety under Lugonu
   394 | D:1      | Slain by a goblin

Illustrated notes

Levels and vault maps discovered:
D:1:      dpeg_arrival_radiant, layout_loops_ring,
          corexii_item_surrounded_by_moat, minivault_25, minmay_box_of_dots

Skill      XL: |  1  2 |
---------------+-------+-----
Polearms       | 2 |  2.2
Armour         | 2 |  2.1
Fighting       | |  3.1
Throwing       | |  0.3
Dodging        | |  0.8
Invocations    | |  2.6

Action                   || total
-------------------------++-------
Melee: Spear             ||    49
       Punch             ||     2
Throw: Dart              ||     7
Armor: Leather armour    ||    12
Dodge: Dodged            ||    36

Table legend: (Time is in decaauts)
 A = Elapsed time spent in this place.
 B = Non-inter-level travel time spent in this place.
 C = Inter-level travel time spent in this place.
 D = Time resting spent in this place.
 E = Time spent auto-exploring this place.
 F = Levels seen in this place.
 G = Mean time per level.
                   A        B        C        D        E       F      G
               +--------+--------+--------+--------+--------+-----+--------+
         Total |    393 |    393 |      0 |      0 |    261 |   2 |  196.5 |
       Dungeon |    367 |    367 |      0 |      0 |    244 |   1 |  367.0 |
         Abyss |     26 |     26 |      0 |      0 |     17 |   1 |   26.0 |
               +--------+--------+--------+--------+--------+-----+--------+

Top non-repeatable levels by time:
     D:1: 367 daAuts
 Abyss:1: 26 daAuts
